 Dungeon Crawl Stone Soup version 0.31.0-11-ge490571c62 (webtiles) character file.

Game seed: 14416377659616574105

149 qw the Ducker (level 5, -1/26 HPs)
             Began as a Spriggan Hunter on Feb 4, 2024.
             Slain by a cerulean imp
             ... wielding a +2 spear
             ... summoned by Natasha
              (2 damage)
             ... on level 3 of the Dungeon.
             The game lasted 00:00:08 (2091 turns).

qw the Ducker (Spriggan Hunter)                     Turns: 2091, Time: 00:00:09

Health: -1/26      AC:  2    Str: 13    XL:     5   Next: 9%
Magic:  6/6        EV: 20    Int: 11    God:
Gold:   148        SH:  0    Dex: 20    Spells: 4/4 levels left

rFire   . . .        a - +3 shortbow
rCold   . . .        (shield currently unavailable)
rNeg    . . .        c - +0 robe
rPois   .            (helmet restricted)
rElec   .            (no cloak)
rCorr   .            (gloves unavailable)
SInv    +            (boots unavailable)
Will    .....        (no amulet)
Stlth   ++           g - +6 ring of strength
HPRegen 0.24/turn    (no ring)
MPRegen 0.10/turn

%: no passive effects
@: very quick
A: very small, no large weapons, unfitting armour, see invisible, speed 3
a: no special abilities


You were on level 3 of the Dungeon.
You visited 1 branch of the dungeon, and saw 3 of its levels.

You collected 148 gold pieces.


Innate Abilities, Weirdness & Mutations

You are very small and have problems with some larger weapons.
You are too small for most types of armour.
You have supernaturally acute eyesight. (SInv)
You cover ground extremely quickly. (Speed+++)


   Skills:
 - Level 2.1 Fighting
 + Level 5.0 Ranged Weapons
 - Level 5.3 Dodging
 - Level 1.5 Stealth


You had 4 spell levels left.
You didn't know any spells.
Your spell library was empty.

Inventory:

Hand Weapons
 a - a +3 shortbow (weapon)
Armour
 c - a +0 robe (worn)
Jewellery
 g - a +6 ring of strength (left hand)
Wands
 b - a wand of digging (3)
Scrolls
 d - a scroll of identify
 h - a scroll of poison {unknown}
Potions
 e - a potion of cancellation
 f - a potion of lignification {unknown}

Dungeon Overview and Level Annotations

Branches:
Dungeon (3/15)

Altars:
Fedhas

Annotations:
D:3 Natasha


Message History

Natasha mumbles some strange words.
The cerulean imp hits you from afar with a +2 spear.
Natasha zaps a wand.
The puff of flame misses you. The cerulean imp barely misses you.
Enter note:
Enter note:
Enter note:
Enter note:
2084 ||| RETREEEEATING.
Enter note:
Enter note:
2085 ||| RETREEEEATING.
The cerulean imp attacks as it pursues you!
The cerulean imp hits you from afar with a +2 spear!
You shoot an arrow. The arrow hits the cerulean imp.
The cerulean imp is severely wounded.
The cerulean imp hits you from afar with a +2 spear.
The cerulean imp closely misses you.
Enter note:
Enter note:
Enter note:
Enter note:
2087 ||| RETREEEEATING.
You shoot an arrow.
The arrow hits Natasha but does no damage.
Natasha closely misses you. The cerulean imp closely misses you.
Natasha zaps a wand.
The puff of flame hits you! The cerulean imp barely misses you.
2089 ||| RETREEEEATING.
You shoot an arrow. The arrow hits Natasha.
Natasha is moderately wounded.
You feel yourself speed up. Natasha closely misses you.
The cerulean imp completely misses you. Natasha misses you.
You shoot an arrow. The arrow hits Natasha.
Natasha is heavily wounded.
The cerulean imp hits you from afar with a +2 spear.
Natasha zaps a wand.
The puff of flame misses you.
The cerulean imp hits you from afar with a +2 spear.
You die...

### ######### #.###
........### #.#..
#######.#.####.#.#
....###.#......#.#
......#.#.####.#@#
.##.#.#.#.#..#.#h######.
.##.#.#.#.#..#.#5#......
........#..<...#5.......
..####................#.
.##..##.###.............
.#.)......#+#5..........
.#..##..#(.....########.
.##:.##........#


You could see Natasha and 2 cerulean imps.

Vanquished Creatures
  Jessica (D:2)
  An iguana (D:3)
  Natasha (twice) (D:3)
  3 dart slugs
  2 ribbon worms (D:2)
  4 ball pythons
  4 endoplasms
  2 giant cockroaches
  2 goblins
  6 hobgoblins
  2 kobolds
  5 bats
  3 frilled lizards
  5 rats
42 creatures vanquished.

Notes
Turn   | Place    | Note
-------+----------+-------------------------------------------
     0 | D:1      | qw the Spriggan Hunter began the quest for the Orb.
     0 | D:1      | Reached XP level 1. HP: 10/10 MP: 2/2
     0 | D:1      | 0 ||| qw: Version: 0.3-a-160-g6735b56
     0 | D:1      | 0 ||| qw: Game counter: 5256
     0 | D:1      | 0 ||| qw: Melee chars always use a shield: true
     0 | D:1      | 0 ||| qw: God list: Okawaru
     0 | D:1      | 0 ||| qw: Allow faded altars: false
     0 | D:1      | 0 ||| qw: Do Orc after clearing Dungeon:15 true
     0 | D:1      | 0 ||| qw: Do second Lair branch before Depths: true
     0 | D:1      | 0 ||| qw: Lair rune preference: random
     0 | D:1      | 0 ||| qw: Goals: Normal
     0 | D:1      | 0 ||| PLANNING D:1-11
    41 | D:1      | Reached skill level 3 in Dodging
   215 | D:1      | Reached XP level 2. HP: 14/14 MP: 3/3
   362 | D:1      | Found a faded altar of an unknown god.
   762 | D:1      | 762 ||| READING 3 scrolls labelled JIRGHI ELANAQY.
   762 | D:1      | 762 ||| ENCHANTING +0 shortbow.
   763 | D:1      | 763 ||| READING 2 scrolls of enchant weapon.
   763 | D:1      | 763 ||| ENCHANTING +1 shortbow.
   764 | D:1      | 764 ||| READING scroll of enchant weapon.
   764 | D:1      | 764 ||| ENCHANTING +2 shortbow.
   793 | D:1      | 793 ||| READING scroll labelled CEWIUR JEATIA.
   901 | D:1      | 901 ||| READING scroll labelled CUSCHI VULULEH.
   905 | D:1      | 905 ||| READING 2 scrolls labelled CEPUCEUNAU.
   922 | D:1      | 922 ||| READING scroll labelled AJEDWE KOOT.
   922 | D:1      | 922 ||| IDENTIFYING metallic cyan potion
   945 | D:1      | 945 ||| DRINKING 2 grey potions.
   958 | D:1      | Found a blossoming altar of Fedhas.
   967 | D:1      | 967 ||| DROPPING scroll of butterflies.
   968 | D:1      | 968 ||| DROPPING potion of brilliance.
   973 | D:1      | 973 ||| DROPPING scroll of blinking.
  1064 | D:2      | Identified the +0 hat of Entitlement {+Blink}
  1085 | D:2      | Reached XP level 3. HP: 18/18 MP: 4/4
  1327 | D:2      | Noticed Jessica
  1331 | D:2      | Killed Jessica
  1737 | D:2      | 1737 ||| DROPPING +0 hat of Entitlement {+Blink}.
  1738 | D:2      | 1738 ||| UPGRADING to +6 ring of strength.
  1771 | D:3      | Reached XP level 4. HP: 21/22 MP: 5/5
  1818 | D:3      | Noticed Natasha
  1819 | D:3      | 1819 ||| FLEEEEING.
  1821 | D:3      | 1821 ||| FLEEEEING.
  1822 | D:3      | 1822 ||| FLEEEEING.
  1823 | D:3      | 1823 ||| FLEEEEING.
  1824 | D:3      | 1824 ||| FLEEEEING.
  1826 | D:3      | 1826 ||| FLEEEEING.
  1827 | D:3      | 1827 ||| FLEEEEING.
  1828 | D:3      | 1828 ||| FLEEEEING.
  1829 | D:3      | 1829 ||| FLEEEEING.
  1830 | D:3      | 1830 ||| FLEEEEING.
  1832 | D:3      | 1832 ||| FLEEEEING.
  1833 | D:3      | 1833 ||| FLEEEEING.
  1834 | D:3      | 1834 ||| FLEEEEING.
  1835 | D:3      | 1835 ||| FLEEEEING.
  1836 | D:3      | 1836 ||| FLEEEEING.
  1837 | D:3      | 1837 ||| FLEEEEING.
  1838 | D:3      | 1838 ||| FLEEEEING.
  1849 | D:3      | Killed Natasha
  1956 | D:3      | Noticed Natasha
  1970 | D:3      | Killed Natasha
  1971 | D:3      | Reached XP level 5. HP: 13/26 MP: 6/6
  2077 | D:3      | Noticed Natasha
  2084 | D:3      | 2084 ||| RETREEEEATING.
  2085 | D:3      | 2085 ||| RETREEEEATING.
  2087 | D:3      | 2087 ||| RETREEEEATING.
  2088 | D:3      | HP: 3/26 [Natasha/puff of flame (8)]
  2089 | D:3      | 2089 ||| RETREEEEATING.
  2091 | D:3      | HP: 1/26 [cerulean imp/+2 spear[Natasha] (3)]
  2091 | D:3      | Slain by a cerulean imp

Levels and vault maps discovered:
D:1:      dpeg_arrival_lava_altar, layout_basic, shapermc_ecumenical_altar_venn,
          serial_forest, infiniplex_forest_clump_double,
          infiniplex_forest_split, infiniplex_forest_clump_small,
          infiniplex_forest_end_1, infiniplex_forest_straight_5,
          infiniplex_forest_end_3, infiniplex_forest_zigzag_2,
          infiniplex_forest_clump_double, infiniplex_forest_lined_2,
          infiniplex_forest_lined_3_way
D:2:      layout_basic, uniq_jessica
D:3:      layout_basic, mainiacjoe_overflow_alcove_1, solitary_fountain,
          minmay_close_crescents, uniq_terence, uniq_natasha, uniq_pargi

Skill      XL: |  1  2  3  4 |
---------------+-------------+-----
Dodging        | 3 4 5 |  5.3
Ranged Weapons | 5 |  5.0
Fighting       | 2 |  2.1
Stealth        | |  1.5

Action                     |  1- 3 |  4- 6 || total
---------------------------+-------+-------++-------
   Fire: Shortbow          |    74 |    41 ||   115
    Use: Scroll            |     7 |       ||     7
         Potion            |     1 |       ||     1
 Armour: Robe              |     4 |    17 ||    21
  Dodge: Dodged            |     6 |    26 ||    32

Table legend:
 A = Non-vault XP
 B = Vault XP
 C = Vault XP percentage of total XP
 D = Non-vault monster count
 E = Vault monster count
 F = Vault count percentage of total count
                 A         B        C        D         E       F
            +---------+---------+-------+---------+---------+-------
      Total |     135 |      79 |  36.9 |      37 |       5 |  11.9
            +---------+---------+-------+---------+---------+-------
        D:1 |      19 |       0 |   0.0 |      13 |       0 |   0.0
        D:2 |      36 |      37 |  50.7 |      17 |       1 |   5.6
        D:3 |      80 |      42 |  34.4 |       7 |       4 |  36.4
            +---------+---------+-------+---------+---------+-------
